 Dungeon Crawl Stone Soup version 0.29.1-15-g9cfb28693d (webtiles) character file.

Game seed: 13249335647250486947

55 MisterFreud the Scratcher (level 3, -3/17 HPs)
             Began as a Felid Berserker on Apr 18, 2023.
             Was a Believer of Trog.
             Slain by an orc
             ... wielding a +0 trident
              (6 damage)
             ... on level 3 of the Dungeon.
             The game lasted 00:02:05 (2700 turns).

MisterFreud the Scratcher (Felid Berserker)         Turns: 2700, Time: 00:02:06

Health: -3/17      AC:  1    Str: 13    XL:     3   Next: 67%
Magic:  4/4        EV: 18    Int:  8    God:    Trog [**....]
Gold:   93         SH:  0    Dex: 17    Spells: 2/2 levels left
                                        Lives:  0   Deaths: 1

rFire   . . .      SeeInvis +     - Unarmed
rCold   . . .      Faith    .   (shield unavailable)
rNeg    . . .      Spirit   .   (body armour unavailable)
rPois   .          Reflect  .   (helmet unavailable)
rElec   .          Harm     .   (cloak unavailable)
rCorr   .          Rampage  .   (gloves unavailable)
Will    .....                   (boots unavailable)
Stlth   +++.......              (no amulet)
HPRegen 0.05/turn               (no ring)
MPRegen 0.09/turn               (no ring)

@: quick
A: very small, claws 1, fangs 3, see invisible, speed 1, shaggy fur 1, stealthy
paws, no weapons or thrown items, no armour, multi-lived
a: Renounce Religion, Berserk, Trog's Hand


You were on level 3 of the Dungeon.
You worshipped Trog.
Trog was pleased with you.
You visited 1 branch of the dungeon, and saw 3 of its levels.

You collected 93 gold pieces.

Inventory:

Potions
 a - a potion of attraction {unknown}
 c - a potion of ambrosia {unknown}
 g - 4 potions of haste
 h - a potion of berserk rage {unknown}


   Skills:
 - Level 3.0 Fighting
 - Level 4.0 Dodging
 + Level 4.1 Stealth
 + Level 4.2 Unarmed Combat


You had 2 spell levels left.
You didn't know any spells.
Your spell library was empty.

Dungeon Overview and Level Annotations

Branches:
Dungeon (3/15)

Altars:
Xom

Annotations:
D:3 Pargi


Innate Abilities, Weirdness & Mutations

You have sharp claws.
You have razor-sharp teeth.
You have supernaturally acute eyesight. (SInv)
You cover ground quickly. (Speed+)
You are covered in fur. (AC +1)
Your paws help you pounce on unaware monsters.
You are incapable of wielding weapons or throwing items.
You cannot wear armour.
You gain extra lives every three experience levels.


Message History

You see here a +0 ring mail.
An orc comes into view. It is wielding a +0 trident.
You scratch the orc. You bite the orc, but do no damage.
The orc is lightly wounded.
You scratch the orc. You bite the orc.
The orc is heavily wounded.
The orc closely misses you.
You claw the orc!
You kill the orc!
Trog accepts your kill. The orc hits you but does no damage.
The orc wizard casts a spell at you. The magic dart hits you!
Ouch! That really hurt!
You see here a +0 ring mail.
The orc completely misses you. The orc misses you.
You barely miss the orc. The orc hits you with a +0 club.
* * * LOW HITPOINT WARNING * * *
You closely miss the orc. You claw the orc wizard!
The orc wizard is heavily wounded.
You scratch the orc wizard.
The orc wizard is almost dead.
The orc wizard completely misses you.
You scratch the orc wizard.
You kill the orc wizard!
Trog accepts your kill.
Trog appreciates your killing of a magic user.
Your Stealth skill increases to level 4!
The orc misses you.
Things that are here:
a +0 dagger; a +0 robe; a scroll labelled VAFEILIGIKUS You scratch the orc but do no damage.
The orc completely misses you.
You scratch the orc but do no damage. The orc hits you with a +0 club.
* * * LOW HITPOINT WARNING * * *
You scratch the orc.
The orc is severely wounded.
The orc hits you from afar with a +0 trident.
You die...

..._.# ##### ...... ##....
......# ### #########.....
..$.... .................
._..._. #.# #..####..###
......)###.#.##..# #..#
........o.# #.#..####..###
......#oo## ##............
..._....#@###.#.#####.....
.....#####.#.##.# #.###<
..## ##.###.# #.# #. # #.#
#.# #.###. ..# #.# #.....
######.# ###### ##... #
...... # #....#### #


You could see 3 orcs.

Vanquished Creatures
  An orc wizard (D:3)
  2 adders (D:2)
  A dart slug (D:1)
  An orc (D:3)
  An endoplasm (D:2)
  A giant cockroach (D:2)
  7 goblins
  2 hobgoblins
  11 jackals (D:1)
  5 kobolds
  2 ball pythons
  3 bats (D:2)
  3 frilled lizards
  6 rats
46 creatures vanquished.

Notes
Turn   | Place    | Note
-------+----------+-------------------------------------------
     0 | D:1      | MisterFreud the Felid Berserker began the quest for the
                  | Orb.
     0 | D:1      | Reached XP level 1. HP: 10/10 MP: 2/2
    91 | D:1      | Reached skill level 1 in Stealth
   453 | D:1      | Reached XP level 2. HP: 9/14 MP: 3/3
  1164 | D:1      | Reached XP level 3. HP: 17/17 MP: 4/4
  1804 | D:2      | Reached ** piety under Trog
  2393 | D:2      | Found a faded altar of an unknown god.
  2561 | D:2      | Reached XP level 4. HP: 21/21 MP: 5/5
  2607 | D:3      | Noticed Pargi
  2618 | D:3      | Mangled by Pargi
  2619 | D:3      | Reached XP level 3. HP: -6/25 MP: 4/4
  2677 | D:3      | Found a shimmering altar of Xom.
  2680 | D:3      | Found a shimmering altar of Xom.
  2680 | D:3      | Found a shimmering altar of Xom.
  2680 | D:3      | Found a shimmering altar of Xom.
  2700 | D:3      | Slain by an orc

Illustrated notes

Levels and vault maps discovered:
D:1:      amcnicky_arrival_abandoned_market, layout_loops_corners
D:2:      layout_rooms, chequers_ecumenical_altar_grove
D:3:      layout_loops_ring, nicolae_xom_altar_mimics,
          kennysheep_generic_room_4, uniq_pargi

Skill      XL: |  1  2  3 |
---------------+----------+-----
Stealth        | 1 2 4 |  4.1
Unarmed Combat | 4 |  4.2
Fighting       | |  3.0
Dodging        | |  4.0

Action                   |  1- 3 |  4- 6 || total
-------------------------+-------+-------++-------
Melee: Unarmed           |   121 |     8 ||   129
       Bite              |    12 |       ||    12
       Punch             |     4 |       ||     4
Invok: Berserk           |     1 |     1 ||     2
  Use: Scroll            |       |     4 ||     4
 Stab: Sleeping          |     7 |       ||     7
Armor: Skin              |     7 |       ||     7
Dodge: Dodged            |    93 |    11 ||   104
